 Dungeon Crawl Stone Soup version 0.30-a0-1161-g0704695555 (webtiles) character file.

Game seed: 4511844899201211046

2780 BlueFish the Covert (level 9, -14/62 HPs)
             Began as an Octopode Fighter on Apr 27, 2023.
             Demolished by a two-headed ogre
             ... wielding a +0 giant club
              (28 damage)
             ... on level 9 of the Dungeon on Apr 28, 2023.
             The game lasted 00:16:16 (6898 turns).

BlueFish the Covert (Octopode Fighter)              Turns: 6898, Time: 00:16:17

Health: -14/62     AC:  1    Str: 19    XL:     9   Next: 70%
Magic:  18/18      EV: 13    Int: 13    God:
Gold:   370        SH: 10    Dex: 11    Spells: 8/8 levels left

rFire   x . .        a - +11 hammer of Cheese {holy, rPois Will+ Int+2}
rCold   + . .        J - +1 kite shield of Fortification {rPois rF- rC+ rN++}
rNeg    + + +        (helmet restricted)
rPois   +            g - amulet of the acrobat
rElec   .            h - ring of resist corrosion
rCorr   +            r - ring of wizardry
SInv    .            x - ring of magical power
Will    +....        B - ring of positive energy
Stlth   +++++        (no ring)
HPRegen 0.30/turn    (no ring)
MPRegen 0.16/turn    (no ring)
                     (no ring)

%: acrobat, wizardry (x1)
@: no status effects
A: almost no armour, amphibious, 8 rings, camouflage 1, gelatinous body 1,
(nimble swimmer 1), tentacles
a: no special abilities


You were on level 9 of the Dungeon.
You visited 2 branches of the dungeon, and saw 10 of its levels.

You collected 414 gold pieces.
You spent 44 gold pieces at shops.

Inventory:

Hand Weapons
 a - the +11 hammer of Cheese (weapon) {holy, rPois Will+ Int+2}
   (You found it on level 4 of the Dungeon)

   Int:       It affects your intelligence (+2).
   rPois:     It protects you from poison.
   Will:      It increases your willpower.
 b - a +0 sling
 z - a +0 flail
 C - a +0 mace
Missiles
 m - 9 poisoned darts
 p - 47 stones
Armour
 j - a +1 buckler
 J - the +1 kite shield of Fortification (worn) {rPois rF- rC+ rN++}
   (You found it on level 8 of the Dungeon)

   rF:        It makes you vulnerable to fire.
   rC:        It protects you from cold.
   rPois:     It protects you from poison.
   rN:        It greatly protects you from negative energy.
Jewellery
 g - an amulet of the acrobat (around mantle)
 h - a ring of resist corrosion (left tentacle)
 r - a ring of wizardry (right tentacle)
 x - a ring of magical power (on tentacle)
 B - a ring of positive energy (on tentacle)
 E - an amulet of magic regeneration
Wands
 y - a wand of flame (27)
 D - a wand of light (1)
 G - a wand of roots (16)
 M - a wand of charming (7)
Scrolls
 e - a scroll of immolation
 f - 2 scrolls of enchant armour
 i - a scroll of brand weapon {unknown}
 l - a scroll of poison {unknown}
 n - a scroll of magic mapping {unknown}
 q - 2 scrolls of butterflies
 u - a scroll of enchant weapon {unknown}
 v - a scroll of amnesia
 A - a scroll of torment {unknown}
 F - a scroll of noise
 H - a scroll of silence {unknown}
 K - a scroll of fear {unknown}
 P - a scroll of teleportation {unknown}
 Q - a scroll of blinking {unknown}
Potions
 c - 5 potions of might
 d - 9 potions of curing
 k - 2 potions of attraction
 o - a potion of invisibility
 s - a potion of haste {unknown}
 t - a potion of brilliance {unknown}
 w - a potion of heal wounds
 I - a potion of magic {unknown}
 L - a potion of cancellation {unknown}
 N - a potion of lignification {unknown}
 O - a potion of ambrosia {unknown}
 R - 2 potions of resistance {unknown}


   Skills:
 + Level 5.7 Fighting
 + Level 5.2 Maces & Flails
 + Level 4.8 Throwing
 + Level 5.7 Dodging
 * Level 9.9 Stealth
 + Level 5.7 Shields


You had 8 spell levels left.
You didn't know any spells.
Your spell library contained the following spells:

 Spells                   Type           Power      Damage    Failure   Level
 Dazzling Flash           Conj/Hex       0%         N/A       61%         3
 Volatile Blastmotes      Fire/Tloc      0%         2d10      61%         3
 Iskenderun's Mystic Bla  Conj/Tloc      0%         2d3       93%         4
 Starburst                Conj/Fire      0%         6d3       100%        6


Dungeon Overview and Level Annotations

Branches:
Dungeon (9/15)             Temple (1/1) D:4
   Lair: D:8-11         Orc: D:9-12

Altars:
Cheibriados
Dithmenos
Gozag
Makhleb
Qazlal
Ru
Sif Muna
Trog
Zin

Shops:
D:7 *[   D:8 *

Annotations:
D:6 Sigmund
D:8 3 runed translucent doors, crux's ghost, novice OpTm


Innate Abilities, Weirdness & Mutations

You cannot wear most types of armour.
You are amphibious.
You can wear up to eight rings at the same time.
Your skin changes colour to match your surroundings (Stealth+).
Your rubbery body absorbs attacks. (AC +1, EV +1)
((You are camouflaged when in or above water. (Stealth+)))
You have tentacles for arms and can constrict up to eight enemies at once.


Message History

There is an open door here.
You open the door.
Found a flail.
Found a stone staircase leading down.
There is an open door here.
Q - a scroll labelled ULIURETYACS You open the door.
There is an open door here.
You open the door.
There is an open door here.
R - 2 smoky puce potions You open the door.
There is an open door here.
A killer bee comes into view.
You shoot a sling bullet. The sling bullet hits the killer bee.
The killer bee is moderately wounded.
A shadow comes into view.
A two-headed ogre comes into view. It is wielding two +0 giant clubs.
The shadow attacks as you move away! The shadow completely misses you.
You feel clever.
The +11 hammer of Cheese {holy, rPois Will+ Int+2} softly glows with a divine radiance!
a - the +11 hammer of Cheese (weapon)
{holy, rPois Will+ Int+2} You hit the shadow.
The shadow convulses.
The shadow is moderately damaged.
The shadow hits you. The shadow hits you!
You hit the shadow.
The shadow convulses.
The shadow is heavily damaged.
You block the shadow's attack.
You sock the shadow!
You destroy the shadow!
You hit the two-headed ogre.
The two-headed ogre is lightly wounded.
The two-headed ogre hits you with a +0 giant club!
The two-headed ogre misses you.
You completely miss the two-headed ogre.
Your squeeze misses the two-headed ogre.
The two-headed ogre is lightly wounded.
The two-headed ogre hits you with a +0 giant club!
* * * LOW HITPOINT WARNING * * *
The two-headed ogre hits you with a +0 giant club!!
You die...

#............# #####
#............# ....###
#............# ...>'.#
#............#
....#.####............#
....#...†'.<.....<....#
....######............#
##### #######'######
#@# #O# #y# #...# #'###
..y ... #.... ....


You could see a two-headed ogre and a killer bee.

Vanquished Creatures
  A shadow (D:9)
  Eustachio (D:4)
  Menkaure (D:4)
  A water moccasin (D:6)
  5 sky beasts
  An orc warrior (D:8)
  4 centaurs
  5 bullfrogs
  2 scorpions
  6 killer bees (D:9)
  A howler monkey (D:6)
  3 jellies
  3 hounds
  An orc priest (D:6)
  Crazy Yiuf (D:4)
  4 iguanas
  3 orc wizards
  A sleepcap (D:5)
  Natasha (thrice) (D:3)
  4 gnolls (D:4)
  4 adders (D:5)
  A white imp (D:5)
  2 dart slugs (D:4)
  24 orcs
  7 bats
  4 endoplasms
  4 giant cockroaches
  2 goblins
  4 hobgoblins
  2 jackals (D:4)
  A quokka (D:1)
  4 ball pythons
  2 frilled lizards
  A kobold (D:4)
  3 rats
116 creatures vanquished.

Vanquished Creatures (others)
  A shadow imp (D:7)
  40 fungi (D:9)
  46 plants (D:9)
87 creatures vanquished.

Grand Total: 203 creatures vanquished

Notes
Turn   | Place    | Note
-------+----------+-------------------------------------------
     0 | D:1      | BlueFish the Octopode Fighter began the quest for the Orb.
     0 | D:1      | Reached XP level 1. HP: 16/16 MP: 1/1
     6 | D:1      | Noticed a wolf
     6 | D:1      | Noticed an anaconda
     6 | D:1      | Noticed a killer bee
     7 | D:1      | Noticed a rime drake
     7 | D:1      | Noticed an iguana
   226 | D:1      | Reached skill level 1 in Stealth
   318 | D:1      | Reached XP level 2. HP: 21/21 MP: 2/2
   504 | D:1      | Found a faded altar of an unknown god.
  1009 | D:2      | Reached skill level 2 in Stealth
  1055 | D:2      | Reached XP level 3. HP: 26/26 MP: 3/3
  1559 | D:3      | Noticed Natasha
  1567 | D:3      | Killed Natasha
  1736 | D:3      | Reached XP level 4. HP: 31/31 MP: 4/4
  1774 | D:3      | Noticed Natasha
  1782 | D:3      | Killed Natasha
  1783 | D:3      | Reached skill level 1 in Throwing
  1783 | D:3      | Reached skill level 3 in Stealth
  1923 | D:3      | Found a stormy altar of Qazlal.
  1923 | D:3      | Noticed a sky beast
  1955 | D:3      | Killed a sky beast
  1956 | D:3      | Reached XP level 5. HP: 13/36 MP: 5/5
  2156 | D:3      | Noticed Natasha
  2160 | D:3      | Killed Natasha
  2161 | D:3      | Reached skill level 4 in Stealth
  2368 | D:4      | Reached XP level 6. HP: 42/42 MP: 6/6
  2602 | D:4      | Noticed Menkaure
  2627 | D:4      | Noticed Eustachio
  2906 | D:4      | Identified the +11 hammer of Cheese {holy, rPois Will+
                  | Int+2}
  2911 | D:4      | Found a runed translucent door.
  2912 | D:4      | Noticed Crazy Yiuf
  2918 | D:4      | Killed Crazy Yiuf
  3068 | D:4      | Reached skill level 5 in Stealth
  3126 | D:4      | Found a staircase to the Ecumenical Temple.
  3135 | Temple   | Entered the Ecumenical Temple
  3185 | D:4      | You fall into a shaft and drop 3 floors!
  3198 | D:5      | Entered Level 5 of the Dungeon
  3208 | D:5      | Reached XP level 7. HP: 47/47 MP: 7/7
  3488 | D:4      | Killed Menkaure
  3489 | D:4      | Reached skill level 6 in Stealth
  3723 | D:4      | Killed Eustachio
  3724 | D:4      | Reached XP level 8. HP: 53/54 MP: 8/8
  4082 | D:6      | Reached skill level 7 in Stealth
  4346 | D:6      | Noticed Sigmund
  5068 | D:7      | Found Huomun's General Store.
  5078 | D:7      | Bought a potion of curing for 33 gold pieces
  5078 | D:7      | Bought a scroll of noise for 11 gold pieces
  5122 | D:7      | Reached skill level 8 in Stealth
  5145 | D:7      | Reached skill level 5 in Dodging
  5145 | D:7      | Reached skill level 5 in Shields
  5362 | D:7      | Reached skill level 5 in Fighting
  5469 | D:7      | Reached XP level 9. HP: 33/61 MP: 9/9
  5618 | D:7      | Found Witot's Antique Armour Emporium.
  5881 | D:8      | Identified the +1 kite shield of Fortification {rPois rF-
                  | rC+ rN++}
  5890 | D:8      | Noticed crux's ghost (novice OpTm)
  5987 | D:8      | Reached skill level 9 in Stealth
  5994 | D:8      | Found a runed translucent gate.
  5995 | D:8      | Found a runed translucent gate.
  5995 | D:8      | Found a runed translucent gate.
  6303 | D:8      | Found Fioqaketz's Assorted Antiques.
  6712 | D:9      | Reached skill level 5 in Maces & Flails
  6890 | D:9      | Noticed a two-headed ogre
  6898 | D:9      | Demolished by a two-headed ogre

Illustrated notes

Levels and vault maps discovered:
D:1:      onia_arrival_zoo_common, layout_basic, ebering_ecumenical_altar_mist
D:2:      layout_basic
D:3:      layout_basic, nicolae_qazlal_beasts_of_the_sky, uniq_natasha
D:4:      layout_gridville, minmay_temple_entry_poolview, uniq_menkaure,
          uniq_eustachio, uniq_crazy_yiuf_cottage
D:5:      layout_cave_pools
D:6:      layout_loops_ring, uniq_sigmund
D:7:      layout_rooms, serial_shops, nicolae_diamond_shop, shop,
          dk_rats_in_the_wall
D:8:      layout_loops_ring, gammafunk_ghost_split, serial_shops,
          nicolae_shop_stone
D:9:      layout_roguey, due_lair_maze_entry_diamond, kennysheep_donut,
          uniq_gastronok
Temple:   compressed_dpeg_triangle_lava_temple

Skill      XL: |  1  2  3  4  5  6  7  8  9 |
---------------+----------------------------+-----
Stealth        | 1 2 3 4 5 6 8 9 |  9.9
Throwing       | 1 2 3 4 |  4.8
Maces & Flails | 3 4 5 |  5.2
Dodging        | 4 5 |  5.7
Fighting       | 4 5 |  5.7
Shields        | 4 5 |  5.7

Action                     |  1- 3 |  4- 6 |  7- 9 || total
---------------------------+-------+-------+-------++-------
  Melee: Flail             |    24 |    16 |       ||    40
         Constrict         |     6 |    11 |    22 ||    39
         Tentacles         |     4 |    10 |    26 ||    40
         Mace              |       |    28 |   129 ||   157
         Punch             |       |       |     2 ||     2
   Fire: Sling             |    42 |    44 |    82 ||   168
    Use: Scroll            |       |       |     7 ||     7
         Potion            |       |       |     1 ||     1
   Stab: Sleeping          |       |       |     4 ||     4
 Armour: Skin              |     1 |     3 |     5 ||     9
  Dodge: Dodged            |    15 |    26 |    72 ||   113
  Block: Buckler           |     8 |    12 |    23 ||    43
         Kite shield       |       |       |    33 ||    33

Table legend: (Time is in decaauts)
 A = Elapsed time spent in this place.
 B = Non-inter-level travel time spent in this place.
 C = Inter-level travel time spent in this place.
 D = Time resting spent in this place.
 E = Time spent auto-exploring this place.
 F = Levels seen in this place.
 G = Mean time per level.
                   A        B        C        D        E       F      G
               +--------+--------+--------+--------+--------+-----+--------+
         Total |   6958 |   6676 |    282 |     61 |   5376 |  10 |  695.8 |
       Dungeon |   6949 |   6672 |    277 |     61 |   5376 |   9 |  772.1 |
        Temple |      9 |      4 |      5 |      0 |      0 |   1 |    9.0 |
               +--------+--------+--------+--------+--------+-----+--------+

Top non-repeatable levels by time:
     D:4: 1092 daAuts
     D:6: 1035 daAuts
     D:3: 1001 daAuts
     D:8: 898 daAuts
     D:1: 788 daAuts
     D:7: 711 daAuts
     D:2: 606 daAuts
     D:5: 565 daAuts
     D:9: 249 daAuts
  Temple: 9 daAuts
